 Dungeon Crawl Stone Soup version 0.28.0 (webtiles) character file.

Game seed: 6519822019559292410

5 Cykl0x the Digger (level 1, 0/10 HPs)
             Began as a Gargoyle Earth Elementalist on Feb 10, 2022.
             Slain by a quokka (3 damage)
             ... on level 1 of the Dungeon.
             The game lasted 00:01:24 (416 turns).

Cykl0x the Digger (Gargoyle Earth Elementalist)      Turns: 416, Time: 00:01:24

Health: 0/10       AC:  5    Str: 11    XL:     1   Next: 80%
Magic:  0/3        EV: 11    Int: 15    God:
Gold:   8          SH:  0    Dex: 10    Spells: 3/4 levels left

rFire   . . .      SeeInvis .   (no weapon)
rCold   . . .      Faith    .   (no shield)
rNeg    + . .      Spirit   .   e - +0 leather armour
rPois   ∞          Reflect  .   (no helmet)
rElec   +          Harm     .   (no cloak)
rCorr   .          Rampage  .   (no gloves)
Will    .....                   (no boots)
Stlth   ++........              (no amulet)
HPRegen 0.03/turn               (no ring)
MPRegen 0.08/turn               (no ring)

@: no status effects
A: sickness immunity, AC +2, negative energy resistance 1, electricity
resistance, torment resistance 1, petrification resistance
a: no special abilities


You were on level 1 of the Dungeon.
You visited 1 branch of the dungeon, and saw 1 of its levels.

You collected 8 gold pieces.

Inventory:

Missiles
 c - 43 stones
Armour
 b - a +0 robe
 e - a +0 leather armour (worn)
Magical Staves
 g - a staff of conjuration
Jewellery
 a - a ring of protection from cold
Scrolls
 f - a scroll of identify {unknown}
Potions
 d - a potion of lignification {unknown}


   Skills:
 * Level 0.1 Fighting
 + Level 1.5 Dodging
 - Level 2.1 Stealth
 + Level 2.0 Spellcasting
 * Level 0.1 Conjurations
 - Level 0.7 Transmutations
 + Level 3.9 Earth Magic


You had 3 spell levels left.
You knew the following spells:

 Your Spells              Type           Power      Damage    Failure   Level
a - Sandblast             Erth           26%        2d8       5%          1

Your spell library contained the following spells:

 Spells                   Type           Power      Damage    Failure   Level
 Passwall                 Tmut/Erth      6%         N/A       17%         2
 Stone Arrow              Conj/Erth      14%        3d7       36%         3
 Petrify                  Tmut/Erth      8%         N/A       73%         4


Dungeon Overview and Level Annotations

Branches:
Dungeon (1/15)

Altars:


Innate Abilities, Weirdness & Mutations

You are immune to sickness and miasma.
Your stone body is resilient. (AC +2)
You are immune to poison.
You resist negative energy. (rN+)
You are resistant to electric shocks. (rElec)
You are resistant to unholy torment.
You are immune to petrification.


Message History

You are very lightly contaminated with residual magic.
Nothing appears to happen.
The quokka bites you.
The blast of sand hits the endoplasm!
You kill the endoplasm!
The quokka bites you.
You hit the quokka but do no damage. The quokka bites you.
You are too injured to fight recklessly!
You are too injured to fight recklessly!
You are too injured to fight recklessly!
You are too injured to fight recklessly!
You are too injured to fight recklessly!
You are too injured to fight recklessly!
You are too injured to fight recklessly!
You are too injured to fight recklessly!
You are too injured to fight recklessly!
You are too injured to fight recklessly!
You are too injured to fight recklessly!
You are too injured to fight recklessly!
You are too injured to fight recklessly!
You are too injured to fight recklessly!
You are too injured to fight recklessly!
You are too injured to fight recklessly!
You completely miss the quokka. The quokka bites you.
You closely miss the quokka. The quokka bites you.
* * * LOW HITPOINT WARNING * * *
The quokka barely misses you.
You closely miss the quokka.
The quokka bites you but does no damage.
You barely miss the quokka. The quokka barely misses you.
Your magical contamination has completely faded away.
You hit the quokka.
The quokka is heavily wounded.
The quokka bites you but does no damage.
You hit the quokka but do no damage.
The quokka is heavily wounded.
The quokka bites you but does no damage.
You hit the quokka.
The quokka is severely wounded.
The quokka bites you.
You die...

#..#........######
##.#........# .
#####......÷...# ...
#..............#
.....###.#.............
.........#.#..#........
.....###.#.#..#........
.............>#........
.........@.####........
........r.# .......
.#........# #........#
........).# #.........#
.........# #........#


You could see a quokka.

Vanquished Creatures
  An endoplasm (D:1)
  A goblin (D:1)
  A hobgoblin (D:1)
  2 rats (D:1)
5 creatures vanquished.

Notes
Turn   | Place    | Note
-------+----------+-------------------------------------------
     0 | D:1      | Cykl0x the Gargoyle Earth Elementalist began the quest for
                  | the Orb.
     0 | D:1      | Reached XP level 1. HP: 10/10 MP: 3/3
   333 | D:1      | Found a faded altar of an unknown god.
   416 | D:1      | Slain by a quokka

Illustrated notes

Levels and vault maps discovered:
D:1:      lordsloth_arrival_two_stooges, layout_basic,
          hellmonk_ecumenical_altar_leap_of_faith

Action                   || total
-------------------------++-------
Melee: Unarmed           ||     8
 Cast: Sandblast         ||     7
Armor: Leather armour    ||     3
Dodge: Dodged            ||     2
